AoeStats
← Two_Smoothie_Machines

Baltic

510381215Analyzed
3v3 RM · 22h ago on Sep 30, 2026· 58m 52s· 6 players
Game mode
Random Map
Map size
Normal (6 player)
Population
200
Speed
Normal
Resources
Standard
Victory
Conquest
Starting age
Dark Age
Ending age
Imperial Age
RankedLock teamsTeams togetherTeam positionsShared explorationLock speedFull tech treeHidden civsTurbo modeCheats
Victory
Defeat
🇫🇷 Franks · France
1034
+15
🇫🇷 Varangians · France
996
+17
🇫🇷 Khmer · France
964
+17
🇩🇪 Varangians · Germany
1020
-17
🇧🇪 Vietnamese · Belgium
1008
-16
🇩🇪 Persians · Germany
1008
-16
Arthur Darmel
10:01 Feudal Age
12:19 Double-Bit Axe
22:16 Castle Age
23:13 Bow Saw
24:02 Horse Collar
25:01 Heavy Plow
24:54 Light Cavalry
27:12 Bloodlines
29:01 Gold Mining
29:02 Stone Mining
31:25 Forging
32:56 Pikeman
35:10 Town Watch
36:12 Iron Casting
36:46 Scale Mail Armor
40:25 Chain Mail Armor
41:38 Arson
42:28 Scale Barding Armor
45:34 Imperial Age
44:39 Chain Barding Armor
46:39 Conscription
46:25 Double Crossbow
45:56 Halberdier
48:33 Conscription
49:23 Gold Shaft Mining
49:42 Stone Shaft Mining
49:40 Elite Ballista Elephant
51:42 Crop Rotation
50:59 Hussar
BEN ABITBOL
12:20 Feudal Age
14:16 Double-Bit Axe
14:23 Loom
15:17 Wheelbarrow
19:59 Fishing Lines
24:13 Castle Age
25:56 Hand Cart
26:05 Medium Warships
26:21 Gillnets
29:54 Town Watch
36:25 Gold Mining
39:38 Imperial Age
37:07 Stone Mining
38:05 Forging
38:01 Scale Barding Armor
39:01 Caravan
40:00 Bow Saw
39:58 Husbandry
40:08 Bloodlines
41:02 Iron Casting
40:30 Cavalier
41:38 Conscription
41:31 Gambesons
41:47 Squires
41:32 Arson
41:49 Gothikon
44:23 Two-Man Saw
44:02 Vendel Legacy
45:32 Horse Collar
45:22 Elite Varangian Guard
46:36 Scale Mail Armor
47:02 Chain Barding Armor
48:04 Chain Mail Armor
49:00 Coinage
48:41 Guilds
48:45 Murder Holes
48:33 Light Cavalry
49:42 Elite Jarl
51:28 Blast Furnace
50:59 Plate Mail Armor
51:05 Plate Barding Armor
53:08 Banking
53:16 Elite Jarl
Two_Smoothie_Machines
6:35 Loom
9:51 Feudal Age
10:18 Double-Bit Axe
11:55 Town Watch
18:10 Gold Mining
18:28 Scale Barding Armor
20:27 Castle Age
21:47 Chain Barding Armor
21:42 Bow Saw
23:54 Forging
23:59 Padded Archer Armor
28:27 Iron Casting
29:31 Wheelbarrow
32:07 Hand Cart
39:37 Imperial Age
38:42 Husbandry
40:57 Cavalier
42:59 Plate Barding Armor
43:25 Blast Furnace
43:43 Gold Shaft Mining
44:13 Chemistry
43:35 Ballistics
45:04 Scale Mail Armor
45:04 Fletching
46:44 Paladin
48:59 Chain Mail Armor
48:14 Elite Throwing Axeman
49:36 Fortified Wall
49:23 Murder Holes
50:36 Conscription
51:05 Siege Engineers
51:10 Masonry
51:21 Pikeman
52:02 Squires
52:48 Halberdier
54:57 Town Patrol
JRCLD
7:25 Loom
12:04 Feudal Age
13:28 Fishing Lines
15:42 Double-Bit Axe
25:44 Castle Age
26:06 Bloodlines
26:06 Scale Barding Armor
26:57 Husbandry
28:46 Wheelbarrow
29:20 Forging
30:59 Bow Saw
35:08 Hand Cart
35:10 Man-at-Arms
37:41 Elite Skirmisher
40:51 Crossbowman
44:22 Thumb Ring
44:22 Fletching
49:30 Imperial Age
48:42 Kamandaran
49:03 Town Watch
50:15 Conscription
50:11 Gold Mining
50:11 Stone Mining
52:17 Cavalier
54:21 Chain Barding Armor
53:43 Light Cavalry
Oracio
3:42 Loom
4:58 Loom
11:50 Feudal Age
12:34 Double-Bit Axe
12:32 Horse Collar
13:35 Wheelbarrow
12:46 Town Watch
14:08 Fishing Lines
20:21 Castle Age
19:14 Gold Mining
19:15 Stone Mining
21:22 Bow Saw
21:15 Heavy Plow
21:08 Gillnets
21:36 Squires
21:36 Fletching
21:47 Scale Mail Armor
21:57 Forging
22:58 Bodkin Arrow
24:36 Stone Shaft Mining
25:05 Chain Mail Armor
24:51 Padded Archer Armor
26:43 Iron Casting
26:28 Pikeman
28:40 Ballistics
28:16 Murder Holes
29:09 Hand Cart
37:45 Imperial Age
37:53 Town Patrol
38:52 Elite Fire Lancer
40:20 Crop Rotation
40:31 Leather Archer Armor
41:48 Two-Man Saw
41:18 Bracer
41:51 Plate Mail Armor
42:31 Hoardings
43:11 Arson
44:02 Ring Archer Armor
46:40 Ballistics
46:01 Treadmill Crane
46:17 Murder Holes
46:27 Siege Engineers
47:23 Chemistry
46:32 Siege Engineers
47:08 Husbandry
47:18 Bloodlines
47:50 Scale Barding Armor
48:21 Masonry
49:24 Chatras
50:56 Caravan
51:43 Chain Barding Armor
54:05 Elite Battle Elephant
Turaliyon
0:33 Loom
14:23 Feudal Age
14:51 Double-Bit Axe
19:07 Castle Age
17:01 Fletching
17:54 Gold Mining
17:54 Stone Mining
17:45 Horse Collar
18:24 Town Watch
20:10 Bow Saw
20:45 Wheelbarrow
27:19 Hand Cart
28:11 Medium Warships
34:32 Imperial Age
32:40 Stone Shaft Mining
32:09 Padded Archer Armor
33:45 Murder Holes
34:11 Ballistics
34:02 Masonry
34:41 Pikeman
35:21 Squires
35:24 Scale Mail Armor
35:37 Arson
35:38 Gambesons
36:06 Forging
39:03 Chain Mail Armor
39:23 Iron Casting
43:22 Two-Man Saw
44:36 Heavy Warships
45:45 Chemistry
45:16 Architecture
45:55 Conscription
46:55 Town Patrol
47:02 Caravan
47:10 Siege Engineers
46:58 Heated Shot
47:50 Halberdier
49:38 Blast Furnace
49:08 Plate Mail Armor
48:34 Bodkin Arrow
48:45 Scale Barding Armor
49:29 Elite Longship
51:05 Leather Archer Armor
50:15 Elite Varangian Guard
50:15 Man-at-Arms
53:13 Chain Barding Armor
52:54 Bracer
52:52 Onager
54:21 Heavy Scorpion
55:09 Husbandry
55:19 Bloodlines
54:30 Light Cavalry
54:31 Cavalier
56:19 Plate Barding Armor
56:12 Capped Ram
57:25 Hussar
Connection lost

Rejoining the realm…

Still unreachable

The connection could not be restored.

Session expired

The server has moved on; the page needs a fresh start.